 Dungeon Crawl Stone Soup version 0.22.1-6-g1668fe2 (webtiles) character file.

242 Yuikono the Changer (level 6, -12/47 HPs)
             Began as a Merfolk Transmuter on Jan 21, 2019.
             Was a Follower of Cheibriados.
             Killed from afar by a hobgoblin (16 damage)
             ... with a wand of acid (4)
             ... on level 4 of the Dungeon.
             The game lasted 00:11:59 (3681 turns).

Yuikono the Changer (Merfolk Transmuter)            Turns: 3681, Time: 00:11:59

Health: -12/47     AC:  1    Str: 15    XL:     6   Next: 9%
Magic:  9/10       EV: 12    Int: 15    God:    Cheibriados [*.....]
Gold:   200        SH:  0    Dex: 18    Spells: 5/11 levels left

rFire    . . .     SeeInvis .   r - +0 spear
rCold    . . .     Gourm    .   (no shield)
rNeg     . . .     Faith    .   l - +0 ring mail
rPois    .         Spirit   .   (no helmet)
rElec    .         Reflect  .   (no cloak)
rCorr    .         Harm     .   (no gloves)
MR       .....                  (no boots)
Stlth    +.........             (no amulet)
HPRegen  0.15/turn              o - ring of wizardry
MPRegen  0.12/turn              f - ring of flight

@: appendage, corroded, very slow
A: change form in water, swift swim, stealthy swim, horns 2
a: End Transformation, Bend Time, Renounce Religion, Evoke Flight


You were on level 4 of the Dungeon.
You worshipped Cheibriados.
Cheibriados was aware of your devotion.
You were not hungry.
You had grown temporary horns.
You visited 1 branch of the dungeon, and saw 4 of its levels.

You collected 200 gold pieces.

Inventory:

Hand Weapons
 c - a +0 short sword
 r - a +0 spear (weapon)
Missiles
 a - 72 arrows
 e - 195 stones (quivered)
 g - 10 bolts
 i - 19 poisoned needles
 q - 2 throwing nets
Armour
 b - a +0 robe
 l - a +0 ring mail (worn)
Jewellery
 f - a ring of flight (right hand)
 o - a ring of wizardry (left hand)
 u - an uncursed ring of ice
Scrolls
 j - a scroll of enchant armour
 k - a scroll of enchant weapon {unknown}
 p - a scroll of amnesia {unknown}
 s - 2 scrolls of identify
 t - a scroll of teleportation {unknown}
Potions
 h - a potion of curing
 m - a potion of brilliance
 n - a potion of heal wounds {unknown}
Comestibles
 d - 6 rations


   Skills:
 + Level 3.2 Fighting
 - Level 2.1 Short Blades
 + Level 2.6 Polearms
 - Level 2.6 Dodging
 - Level 3.3 Unarmed Combat
 + Level 3.2 Spellcasting
 + Level 4.6 Transmutations


You had 5 spell levels left.
You knew the following spells:

 Your Spells              Type           Power        Failure   Level  Hunger
a - Beastly Appendage     Tmut           ###...       2%          1    #......
b - Sticks to Snakes      Tmut           ###.....     3%          2    ##.....
c - Spider Form           Tmut/Pois      #.........   17%         3    ###....

Your spell library contained the following spells:

 Spells                   Type           Power        Failure   Level  Hunger
 Ice Form                 Ice/Tmut       #.......     50%         4    #####..
 Blade Hands              Tmut           ###.......   50%         5    ######.


Dungeon Overview and Level Annotations

Branches:
Dungeon (4/15)
 Temple: D:4-7

Altars:
Cheibriados

Shops:
D:4 }

Annotations:
D:4 1 runed door, dscm's ghost, weakling OpEE


Innate Abilities, Weirdness & Mutations

You revert to your normal form in water.
You are very nimble and swift while swimming.
You are very stealthy in the water. (Stealth+)
You have a pair of horns on your head.


Message History

You hit the hobgoblin. Your headbutt misses the hobgoblin.
The hobgoblin is heavily wounded.
The hobgoblin hits you with a rapier of freezing.
* * * LOW HITPOINT WARNING * * *
The hobgoblin freezes you.
* * * LOW HITPOINT WARNING * * *
Unknown command.
You hit the hobgoblin.
The hobgoblin is almost dead.
The hobgoblin hits you with a rapier of freezing!
* * * LOW HITPOINT WARNING * * *
The hobgoblin freezes you.
* * * LOW HITPOINT WARNING * * *
Unknown command.
You hit the hobgoblin but do no damage. Your headbutt misses the hobgoblin.
The hobgoblin is almost dead.
You barely miss the hobgoblin.
The hobgoblin is almost dead.
The hobgoblin zaps a wand.
The bolt of acid hits you!
You die...

## ######.....
..###...8.∩.8..
.............#
.........!8..#
.............#
...........(#
.#+###..$...(.#...
.........(.@g......
....#####(######...
............##
#...........# [
#..........<# ..
#...........#
#.#...........#####..#
.#.........##..........
.......†...##..####..#.
#


You could see a hobgoblin.

Vanquished Creatures
  An ogre (D:4)
  A hound (D:4)
  A worker ant (D:4)
  A howler monkey skeleton (D:4)
  3 adders
  An ooze (D:4)
  A dart slug (D:1)
  A leopard gecko (D:2)
  6 orcs
  A ball python (D:1)
  7 bats
  4 giant cockroaches
  9 goblins
  5 hobgoblins
  3 jackals (D:1)
  3 kobolds (D:2)
  3 quokkas
  2 frilled lizards
  A quokka skeleton (D:4)
  10 rats
64 creatures vanquished.

Notes
Turn   | Place    | Note
-------+----------+-------------------------------------------
     0 | D:1      | Yuikono the Merfolk Transmuter began the quest for the Orb.
     0 | D:1      | Reached XP level 1. HP: 15/15 MP: 3/3
   287 | D:1      | Reached XP level 2. HP: 21/21 MP: 3/5
   294 | D:1      | Learned a level 2 spell: Sticks to Snakes
   319 | D:1      | Reached skill level 3 in Transmutations
   678 | D:1      | Reached skill level 1 in Short Blades
   738 | D:1      | Found a snail-covered altar of Cheibriados.
   781 | D:1      | Reached XP level 3. HP: 19/27 MP: 6/6
   945 | D:1      | Became a worshipper of Cheibriados the Contemplative
  1284 | D:2      | HP: 1/27 [adder (3)]
  1575 | D:2      | Found a faded altar of an unknown god.
  2028 | D:3      | Reached * piety under Cheibriados
  2028 | D:3      | Reached XP level 4. HP: 33/33 MP: 5/7
  2174 | D:3      | Learned a level 3 spell: Spider Form
  2980 | D:3      | Found a snail-covered altar of Cheibriados.
  3165 | D:4      | Found a runed door.
  3165 | D:4      | Noticed dscm's ghost (weakling OpEE)
  3175 | D:4      | Reached skill level 1 in Polearms
  3175 | D:4      | Reached skill level 4 in Transmutations
  3175 | D:4      | Reached XP level 5. HP: 37/39 MP: 9/9
  3333 | D:4      | Noticed an ogre
  3343 | D:4      | HP: 1/39 [ogre/giant club (11)]
  3344 | D:4      | Killed an ogre
  3655 | D:4      | Reached XP level 6. HP: 41/47 MP: 8/10
  3670 | D:4      | Found Cupnac's Gadget Shoppe.
  3681 | D:4      | Killed from afar by a hobgoblin

Skill      XL: |  1  2  3  4  5 |
---------------+----------------+-----
Transmutations | 3 4 |  4.6
Short Blades   | 1 2 |  2.1
Fighting       | 2 3 |  3.2
Polearms       | 1 2 |  2.6
Spellcasting   | 3 |  3.2
Dodging        | |  2.6
Unarmed Combat | |  3.3

Action                   |  1- 3 |  4- 6 || total
-------------------------+-------+-------++-------
Melee: Unarmed           |    13 |       ||    13
       Short sword       |   130 |    53 ||   183
       Headbutt          |    12 |    10 ||    22
       Punch             |     2 |     5 ||     7
       Spear             |       |    67 ||    67
Throw: Stone             |    13 |     7 ||    20
 Cast: Beastly Appendage |    15 |     7 ||    22
       Sticks to Snakes  |       |     1 ||     1
Invok: Bend Time         |       |     1 ||     1
  Use: Scroll            |     5 |     1 ||     6
       Potion            |     2 |     1 ||     3
 Stab: Sleeping          |       |     1 ||     1
  Eat: Chunk             |     4 |     3 ||     7
Armor: Robe              |    21 |       ||    21
       Ring mail         |    15 |    47 ||    62
Dodge: Dodged            |   122 |    75 ||   197
